Map: Oxide LE

Players

Epic - Winner!

  • Race: Terran Terran

TriGGeR

  • Race: Protoss Protoss

Event: DreamHack SC2 Masters 2021 Fall

VOD

Have the link to the VOD?

Description

Time

  • Played on: Aug. 7, 2021, 3:20 p.m.
  • Length: 19:40

All games in this series

Show
View Real Time Build Order
Export as new Build Order

Epic Terran - Winner!

Build Orders:  

Get SALT Encoding   

  12  0:00  SCV  
  13  0:12  SCV  
  14  0:16  Supply Depot  
  14  0:24  SCV  
  15  0:38  SCV  
  15  0:40  Barracks  
  16  0:43  Refinery  
  16  0:50  SCV  
  17  1:02  SCV  
  18  1:14  SCV  
  19  1:26  Marine, Orbital Command  
  20  1:45  Command Center  
  20  1:47  Barracks Reactor  
  20  1:53  SCV  
  21  1:59  Supply Depot  
  21  2:05  SCV  
  22  2:11  Factory  
  22  2:17  SCV  
  23  2:23  Marine x2  
  23  2:29  SCV  
  26  2:34  Barracks  
  26  2:41  Reaper, SCV  
  26  2:43  Marine  
  29  2:51  Refinery  
  29  2:56  Factory Tech Lab  
  29  2:57  SCV, Orbital Command  
  30  3:02  Marine  
  29  3:18  Marine  
  29  3:19  SCV  
  29  3:20  Cyclone  
  29  3:22  Marine, Barracks Tech Lab  
  29  3:23  SCV  
  33  3:31  SCV  
  34  3:36  Bunker, SCV  
  34  3:40  Marine x2  
  37  3:43  Combat Shield  
  37  3:44  Marauder  
  39  3:49  SCV x2  
  39  3:52  Supply Depot  
  40  4:01  SCV x2  
  40  4:02  Marine x2  
  44  4:05  Marine  
  44  4:11  Engineering Bay  
  44  4:14  Siege Tank  
  47  4:19  Supply Depot  
  47  4:20  SCV  
  47  4:21  SCV  
  49  4:25  Marine  
  49  4:26  Marine x2  
  52  4:33  SCV x2  
  54  4:40  Missile Turret  
  54  4:42  Missile Turret  
  54  4:45  Terran Infantry Weapons Level 1  
  54  4:47  SCV  
  54  4:48  SCV  
  56  4:57  Marine x3  
  57  5:04  Stimpack  
  57  5:05  SCV x2  
  59  5:14  Starport  
  59  5:15  Barracks  
  59  5:17  SCV x2, Factory Reactor  
  61  5:24  Supply Depot  
  61  5:27  Marine, Refinery  
  62  5:35  Marine, SCV x2  
  64  5:36  Marauder  
  67  5:45  Command Center  
  67  5:48  Refinery  
  68  5:50  SCV x2  
  69  5:57  Medivac x2  
  69  5:58  Marine x2  
  69  6:00  Marauder  
  69  6:03  Marauder  
  78  6:07  Factory Reactor  
  78  6:12  Supply Depot  
  78  6:18  Supply Depot  
  78  6:19  Concussive Shells  
  78  6:33  Marine x2, Supply Depot, Marauder x2, SCV x2  
  86  6:40  Medivac x2  
  86  6:45  SCV x2  
  92  6:47  Terran Infantry Armor Level 1  
  92  6:49  Barracks  
  92  6:50  Widow Mine  
  92  6:53  Barracks  
  94  6:55  Widow Mine  
  94  6:56  Supply Depot  
  94  6:58  Orbital Command  
  96  7:04  Marine x2, Marauder  
  102  7:08  Marauder  
  102  7:11  SCV  
  102  7:12  SCV  
  102  7:14  Widow Mine  
  106  7:20  Medivac x2  
  110  7:28  Marine, Marauder  
  115  7:30  Marauder  
  115  7:34  Marine  
  115  7:35  Widow Mine  
  115  7:36  Widow Mine  
  120  7:41  Orbital Command  
  120  7:45  Barracks Reactor, SCV, Barracks Tech Lab  
  120  7:46  Marine, SCV  
  121  7:55  Marauder x2  
  121  7:58  Marine  
  125  8:01  Medivac  
  125  8:02  Medivac  
  125  8:04  Marine, Supply Depot  
  117  8:13  SCV x2  
  117  8:16  Widow Mine x2  
  117  8:18  SCV  
  120  8:25  SCV x2  
  122  8:27  Marauder x3  
  122  8:31  Marine x4  
  127  8:36  SCV  
  127  8:37  SCV x2  
  127  8:40  Bunker  
  126  8:41  Missile Turret  
  126  8:43  Widow Mine x2  
  126  8:45  Liberator  
  126  8:46  Liberator  
  136  8:51  SCV x3  
  130  8:58  Engineering Bay  
  130  8:59  Armory  
  130  9:01  Marine x2, Marauder x2  
  130  9:02  Marine  
  136  9:03  Marine  
  136  9:05  SCV  
  136  9:06  SCV  
  136  9:07  SCV  
  141  9:19  Supply Depot  
  141  9:21  Widow Mine x2, Missile Turret x2  
  144  9:26  Refinery  
  144  9:27  Refinery  
  144  9:30  Medivac x2  
  148  9:32  Command Center  
  148  9:37  Marine  
  149  9:41  Marauder x3  
  149  9:44  Missile Turret  
  155  9:50  Terran Infantry Weapons Level 2  
  155  9:52  Marine x2  
  157  9:58  Marine  
  157  10:00  Terran Infantry Armor Level 2  
  157  10:04  Ghost Academy  
  157  10:13  Marauder  
  156  10:15  Marauder  
  156  10:18  Marine  
  157  10:23  Supply Depot  
  157  10:24  Marine x2, Supply Depot x2  
  157  10:25  Widow Mine, Marauder  
  157  10:26  Widow Mine, Medivac, Liberator  
  157  10:34  Barracks  
  157  10:35  Barracks  
  157  10:37  Barracks  
  157  10:43  Marine x3  
  157  10:44  Marauder x2  
  157  10:48  Widow Mine x2  
  165  11:00  Enhanced Shockwaves  
  165  11:02  Ghost  
  167  11:04  Ghost x2  
  167  11:09  Marine x4  
  175  11:14  Planetary Fortress  
  170  11:19  Viking  
  172  11:27  Marine  
  172  11:29  SCV x3  
  172  11:30  Barracks Tech Lab  
  172  11:31  Barracks Tech Lab, Ghost  
  172  11:32  Barracks Tech Lab  
  178  11:33  Viking  
  180  11:40  Starport  
  180  11:41  Marauder x2  
  168  12:00  Marauder  
  161  12:05  Marine x4, Marauder x5  
  161  12:07  Widow Mine  
  157  12:10  Medivac  
  157  12:13  SCV x2  
  157  12:14  SCV  
  158  12:18  Starport Reactor  
  158  12:21  Marauder  
  158  12:22  Marine x2  
  160  12:23  Marine, Widow Mine  
  160  12:25  Marine, Ghost  
  160  12:26  Marine  
  169  12:33  Widow Mine  
  169  12:38  Marine  
  169  12:39  Marauder x2  
  169  12:40  Marine x3  
  169  12:42  Marine  
  169  12:43  Marine  
  169  12:44  Marine  
  133  12:53  Medivac x2  
  133  12:54  Marine  
  133  12:58  Marine x2  
  133  12:59  Ghost  
  133  13:00  Marine x2, Marauder, Ghost  
  133  13:04  Medivac  
  144  13:06  Liberator  
  147  13:15  Widow Mine x2  
  147  13:18  Ghost x2  
  147  13:19  Marine x3  
  158  13:20  Marine  
  158  13:24  Missile Turret  
  158  13:26  Marauder  
  161  13:29  Ghost  
  161  13:38  Marauder x2  
  168  13:43  Supply Depot  
  168  13:46  Viking  
  168  13:47  Marauder  
  170  13:54  Command Center  
  167  13:58  Viking x2  
  167  14:00  Viking  
  173  14:13  Terran Ship Weapons Level 1  
  173  14:16  Viking  
  175  14:27  Viking  
  175  14:28  Viking  
  175  14:29  Refinery x2  
  175  14:30  Viking, Command Center  
  177  14:50  Marauder x2  
  177  14:51  Marauder x4  
  167  15:14  Marauder x4  
  167  15:15  Marine x4, Marauder x2  
  161  15:32  Liberator x4  
  161  15:33  Planetary Fortress  
  176  15:35  Marauder  
  176  15:36  Marauder x5  
  180  15:45  Marine x4  
  182  15:51  Missile Turret  
  176  15:57  Marauder  
  176  16:02  Ghost x2  
  178  16:09  Marine  
  178  16:10  Marine x6  
  185  16:18  Orbital Command  
  154  16:41  Marine  
  154  16:42  Marauder x3  
  152  16:51  Terran Infantry Weapons Level 3  
  152  16:52  Marine, Marauder x3  
  136  17:04  Marine x4, Marauder x2  
  128  17:09  Marine  
  128  17:13  Marauder  
  128  17:14  Medivac  
  128  17:15  Medivac x2  
  124  17:19  Medivac  
  124  17:20  Ghost  
  124  17:21  Ghost  
  130  17:23  Marine x2  
  134  17:30  Marine, Marauder x3  
  134  17:31  Marine  
  134  17:34  Widow Mine  
  134  17:35  Widow Mine  
  144  17:39  Fusion Core  
  144  17:44  Marine, Marauder  
  146  17:46  Marine  
  146  17:48  Marine  
  146  17:49  Marine, Marauder  
  146  17:50  Marine  
  146  17:51  Marine  
  150  18:00  Marauder x2  
  150  18:02  Marine  
  150  18:05  Marauder  
  154  18:09  Missile Turret  
  153  18:16  Marine x3, Marauder x3  
  162  18:20  Marine  
  162  18:21  Marine x2  
  162  18:26  Marine  
  156  18:41  Marauder x2  
  156  18:42  Marauder x2  
  156  18:44  Marine x2  
  156  18:45  Marine x2, Liberator x2  
  173  18:55  Liberator  
  159  19:10  Ghost  
  159  19:13  Marauder x2  
  159  19:15  Refinery, Marine x7  
Show
View Real Time Build Order
Export as new Build Order

TriGGeR Protoss 

Build Orders: 1 Gate Expand, Zealot Archon, Archon Drop, Dark Templar Rush 

Get SALT Encoding   

  12  0:00  Probe  
  13  0:12  Probe  
  14  0:19  Pylon  
  14  0:24  Probe  
  15  0:37  Probe (Chrono Boost)  
  15  0:38  Gateway  
  16  0:46  Probe (Chrono Boost)  
  16  0:47  Assimilator  
  17  0:51  Probe (Chrono Boost)  
  18  1:03  Probe  
  19  1:15  Probe  
  20  1:25  Cybernetics Core  
  20  1:32  Nexus  
  20  1:35  Probe  
  21  1:45  Pylon  
  21  1:47  Probe  
  21  1:50  Assimilator  
  21  1:59  Probe  
  21  2:00  Adept (Chrono Boost)  
  22  2:06  Shield Battery  
  24  2:08  Warp Gate  
  24  2:12  Probe  
  25  2:20  Adept (Chrono Boost)  
  25  2:25  Probe  
  28  2:32  Twilight Council  
  28  2:41  Probe (Chrono Boost)  
  29  2:45  Probe (Chrono Boost)  
  31  2:54  Probe (Chrono Boost)  
  31  2:55  Probe (Chrono Boost)  
  31  2:56  Robotics Facility  
  32  2:59  Probe (Chrono Boost)  
  32  3:02  Probe  
  34  3:12  Probe  
  35  3:15  Probe  
  34  3:24  Probe  
  34  3:25  Dark Shrine  
  35  3:27  Probe  
  35  3:28  Gateway  
  35  3:31  Gateway  
  36  3:36  Probe  
  36  3:40  Probe  
  38  3:43  Assimilator  
  38  3:45  Warp Prism (Chrono Boost)  
  38  3:53  Probe x2  
  42  3:58  Assimilator  
  42  3:59  Pylon  
  42  4:05  Probe (Chrono Boost)  
  44  4:10  Shield Battery  
  44  4:11  Probe (Chrono Boost)  
  44  4:16  Pylon  
  45  4:17  Probe (Chrono Boost)  
  45  4:22  Probe x2 (Chrono Boost)  
  47  4:29  Observer (Chrono Boost)  
  48  4:31  Probe  
  48  4:36  Probe  
  50  4:39  Dark Templar x3  
  50  4:44  Immortal (Chrono Boost)  
  60  4:49  Pylon  
  60  4:50  Probe  
  61  4:54  Probe  
  62  5:04  Probe  
  62  5:06  Nexus  
  61  5:09  Charge  
  61  5:16  Probe  
  61  5:17  Shield Battery, Dark Templar  
  61  5:18  Archon  
  61  5:19  Probe  
  65  5:22  Dark Templar  
  65  5:24  Pylon  
  65  5:27  Archon  
  67  5:28  Probe  
  67  5:30  Observer  
  67  5:31  Gateway, Probe  
  69  5:40  Probe, Immortal (Chrono Boost)  
  74  5:49  Forge, Probe  
  75  5:53  Probe  
  76  5:59  Pylon  
  76  6:01  Pylon  
  76  6:02  Observer  
  76  6:04  Probe  
  77  6:07  Gateway  
  77  6:08  Gateway  
  77  6:12  Pylon  
  77  6:18  Dark Templar x2  
  81  6:19  Probe x2  
  81  6:22  Probe  
  81  6:23  Protoss Ground Weapons Level 1 (Chrono Boost)  
  84  6:27  Archon  
  84  6:28  Sentry x2  
  84  6:31  Probe  
  89  6:33  Gateway  
  89  6:39  Gateway  
  88  6:41  Gateway  
  88  6:47  Gateway  
  88  6:50  Observer (Chrono Boost)  
  88  6:52  Photon Cannon  
  88  6:53  Probe  
  90  6:54  Pylon  
  90  6:55  Stalker x2  
  90  6:57  Zealot  
  96  7:03  Probe  
  96  7:05  Templar Archives  
  97  7:10  Pylon  
  97  7:15  Zealot x3  
  103  7:26  Probe x3  
  103  7:27  Assimilator  
  103  7:29  Stalker  
  108  7:30  Stalker  
  108  7:31  Stalker  
  108  7:32  Assimilator  
  109  7:38  Stalker x3  
  109  7:40  Blink, Zealot  
  109  7:44  Zealot  
  110  7:56  Probe  
  110  7:57  Probe x2  
  113  8:08  Zealot x3  
  117  8:15  Zealot x7  
  131  8:23  Warp Prism (Chrono Boost)  
  133  8:29  Psionic Storm  
  129  8:37  Protoss Ground Armor Level 1 (Chrono Boost), High Templar x2  
  129  8:41  Pylon  
  133  8:42  Pylon  
  133  8:44  Pylon  
  133  8:59  Observer, Probe x3  
  137  9:04  High Templar  
  137  9:06  Pylon  
  137  9:09  Nexus  
  139  9:12  High Templar  
  141  9:19  Pylon  
  141  9:34  Stalker x6  
  141  9:37  Zealot x3  
  158  9:43  Probe x3  
  160  9:48  Zealot  
  161  10:01  Probe  
  161  10:05  Probe  
  161  10:06  Robotics Bay  
  157  10:17  Stalker x2  
  157  10:20  Probe (Chrono Boost)  
  148  10:25  Probe x2 (Chrono Boost)  
  144  10:29  Probe (Chrono Boost)  
  144  10:30  Stalker x4  
  144  10:34  Probe x3 (Chrono Boost)  
  156  10:39  Stalker x3  
  156  10:42  Probe (Chrono Boost)  
  163  10:43  Robotics Facility  
  163  10:49  Probe (Chrono Boost)  
  166  10:51  Probe x2 (Chrono Boost)  
  166  10:52  Probe (Chrono Boost)  
  166  10:55  Shield Battery  
  169  10:57  Observer (Chrono Boost)  
  169  10:58  Probe (Chrono Boost)  
  169  11:01  Photon Cannon  
  169  11:02  Photon Cannon, Probe x2 (Chrono Boost)  
  172  11:05  Probe (Chrono Boost)  
  172  11:07  Stalker x3  
  171  11:12  Observer  
  171  11:16  Protoss Ground Weapons Level 2 (Chrono Boost)  
  159  11:28  Probe x2 (Chrono Boost)  
  159  11:29  Probe (Chrono Boost)  
  163  11:33  Probe (Chrono Boost)  
  163  11:35  Assimilator  
  163  11:36  Zealot x6  
  163  11:39  Probe (Chrono Boost)  
  176  11:42  Probe (Chrono Boost)  
  176  11:43  Colossus (Chrono Boost)  
  167  11:59  Stalker x2  
  167  12:00  Probe x2  
  159  12:04  Archon  
  159  12:05  Colossus (Chrono Boost)  
  159  12:06  Probe  
  159  12:07  Probe  
  163  12:12  Probe  
  158  12:18  Zealot x4  
  158  12:22  Colossus (Chrono Boost), Probe  
  169  12:37  Observer, Zealot x3  
  169  12:41  Zealot x2  
  151  12:47  Zealot x3  
  133  12:51  Zealot  
  128  13:07  Nexus  
  128  13:08  Disruptor (Chrono Boost)  
  134  13:15  High Templar x4  
  134  13:19  Colossus (Chrono Boost)  
  142  13:23  Pylon  
  142  13:26  Assimilator  
  148  13:36  Colossus (Chrono Boost)  
  148  13:39  Observer  
  148  13:42  Dark Templar x3  
  148  13:47  Probe x4  
  158  13:48  Zealot x2  
  158  13:55  Disruptor (Chrono Boost)  
  165  13:59  Protoss Ground Weapons Level 3 (Chrono Boost)  
  163  14:10  Disruptor  
  163  14:11  Zealot x6  
  176  14:19  Observer  
  175  14:27  Stalker x3  
  175  14:28  Shield Battery  
  178  14:31  Photon Cannon  
  178  14:39  Shadow Stride (Chrono Boost)  
  178  14:45  Disruptor  
  181  14:49  Dark Templar x4  
  187  15:03  Disruptor  
  151  15:14  Zealot x6  
  153  15:20  Disruptor  
  154  15:22  Zealot x4  
  146  15:39  Disruptor  
  143  15:44  Probe x3  
  143  15:47  Zealot x8  
  143  15:48  Stalker x2  
  142  16:08  Gateway  
  142  16:12  Archon  
  142  16:13  Gateway  
  142  16:15  Dark Templar x4  
  150  16:21  Nexus, Disruptor  
  147  16:36  Stalker x6  
  136  16:51  Zealot x2  
  136  17:00  Zealot, Stalker x2  
  136  17:01  Stalker x4  
  106  17:11  Zealot x3  
  104  17:17  Pylon  
  104  17:18  Probe x5  
  104  17:19  Disruptor x2  
  115  17:33  Dark Templar x2  
  115  17:34  Dark Templar  
  115  17:36  Zealot x4  
  129  17:40  Pylon  
  129  17:42  Stalker  
  131  17:44  Stalker  
  131  18:02  Disruptor x2  
  135  18:13  Zealot x11  
  135  18:17  Assimilator  
  135  18:18  Probe x2  
  144  18:29  Zealot  
  139  18:34  Stalker  
  139  18:35  Stalker x4  
  139  18:38  Disruptor, Photon Cannon  
  152  18:42  Archon  
  142  18:53  Zealot x5  
  142  18:54  Zealot x2  
  141  18:58  Zealot x3  
  114  19:18  Assimilator  
  114  19:21  Assimilator  
  114  19:22  Stalker x4  
  110  19:34  Pylon  
  110  19:36  Zealot x3  

Tags
 
Add a new tag
Caveats
  • Supply blocks, unpowered buildings, or Contaminate may cause inaccurate times.
  • Supply counts are checked every 10 seconds.